 Dungeon Crawl Stone Soup version 0.31.0-11-ge490571c62 (webtiles) character file.

Game seed: 17440957926280219685

999 Arcadio the Magician (level 8, -3/41 HPs)
             Began as a Deep Elf Earth Elementalist on Jan 31, 2024.
             Slain by an iguana (8 damage)
             ... on level 4 of the Dungeon.
             The game lasted 00:09:34 (3951 turns).

Arcadio the Magician (Deep Elf Earth Elementalist)  Turns: 3951, Time: 00:09:34

Health: -3/41      AC:  7    Str:  5    XL:     8   Next: 0%
Magic:  1/20       EV: 13    Int: 23    God:
Gold:   141        SH:  0    Dex: 15    Spells: 16/20 levels left

rFire   + . .        k - +2 dagger (drain)
rCold   . . .        o - orb {mayhem}
rNeg    . . .        s - +2 leather armour {rF+}
rPois   .            (no helmet)
rElec   .            h - +0 cloak
rCorr   .            m - +0 pair of gloves
SInv    .            (no boots)
Will    .....        p - amulet of regeneration
Stlth   ++           (no ring)
HPRegen 1.06/turn    (no ring)
MPRegen 0.17/turn

%: mayhem
@: about to teleport
A: no striking features
a: no special abilities


You were on level 4 of the Dungeon.
You visited 1 branch of the dungeon, and saw 4 of its levels.

You collected 141 gold pieces.

Inventory:

Hand Weapons
 j - a +0 short sword
 k - a +2 dagger of draining (weapon)
Armour
 a - a +0 robe
 h - a +0 cloak (worn)
 m - a +0 pair of gloves (worn)
 o - an orb of mayhem (worn)
 s - a +2 leather armour of fire resistance (worn)
 w - a +2 ring mail of poison resistance
 x - a +1 robe of cold resistance
Jewellery
 p - an amulet of regeneration (around neck)
Wands
 v - a wand of light (8)
Scrolls
 c - a scroll of enchant armour {unknown}
 e - a scroll of teleportation
 g - 2 scrolls of immolation {unknown}
 l - 2 scrolls of revelation {unknown}
 r - 2 scrolls of fear {unknown}
 t - 2 scrolls of amnesia {unknown}
Potions
 b - 2 potions of magic
 d - 5 potions of curing {unknown}
 f - 2 potions of cancellation {unknown}
 i - a potion of degeneration {unknown}
 n - 2 potions of heal wounds {unknown}
 q - 3 potions of ambrosia {unknown}
 u - 2 potions of enlightenment {unknown}
 z - a potion of attraction {unknown}


   Skills:
 + Level 5.9 Dodging
 - Level 2.4 Stealth
 + Level 6.7 Spellcasting
 + Level 5.0 Conjurations
 + Level 6.0 Earth Magic


You had 16 spell levels left.
You knew the following spells:

 Your Spells              Type           Power      Damage    Failure   Level
a - Sandblast             Erth           70%        2d15      1%          1
b - Stone Arrow           Conj/Erth      66%        3d11      4%          3

Your spell library contained the following spells:

 Spells                   Type           Power      Damage    Failure   Level
 Passwall                 Erth           35%        N/A       3%          3
 Necrotise                Necr           28%        1d5       13%         1
 Brom's Barrelling Bould  Conj/Erth      33%        2d5       14%         4
 Vampiric Draining        Necr           7%         2d6       36%         3
 Petrify                  Alch/Erth      21%        N/A       36%         4
 Ignite Poison            Fire/Alch      7%         N/A       78%         4
 Martyr's Knell           Necr/Summ      7%         N/A       78%         4
 Sticky Flame             Fire/Alch      7%         2d4       78%         4
 Curse of Agony           Necr           7%         N/A       98%         5
 Summon Forest            Summ/Tloc      3%         N/A       98%         5
 Summon Mana Viper        Hex/Summ       7%         N/A       98%         5
 Summon Cactus Giant      Summ           3%         N/A       100%        6
 Ignition                 Fire           3%         3d4       100%        8


Dungeon Overview and Level Annotations

Branches:
Dungeon (4/15)
 Temple: D:4-7

Altars:
Kikubaaqudgha
Trog
Yredelemnul

Annotations:
D:3 1 runed translucent door


Message History

You completely miss the kobold. The iguana misses you. The kobold misses you.
The iguana bites you!
You hit the kobold.
The kobold is severely wounded.
The iguana bites you. The kobold hits you but does no damage.
The ball python closely misses you. x2
The iguana barely misses the kobold.
The kobold hits the iguana but does no damage.
The iguana barely misses you.
The iguana misses the kobold.
The kobold hits the iguana but does no damage.
The iguana bites the kobold!
The kobold dies!
The ball python closely misses you. x2
You have reached level 8!
You feel clever.
Casting: Stone Arrow (dangerous; 4% risk of failure)
Confirm with . or Enter, or press ? or * to list all spells.
Aiming: Sandblast (safe; 1% risk of failure)
Press: ? - help, Shift-Dir - straight line, f - ball python
Aim: a ball python (82% to hit)
The blast of sand hits the ball python!
You kill the ball python!
The iguana completely misses you. The iguana attacks as it pursues you!
The iguana bites you but does no damage.
The iguana barely misses you. The iguana bites you!!
Casting: Sandblast (safe; 1% risk of failure)
Confirm with . or Enter, or press ? or * to list all spells.
Aiming: Sandblast (safe; 1% risk of failure)
Press: ? - help, Shift-Dir - straight line, f - iguana
Aim: an iguana (fast, strong, frenzied and wild, 86% to hit)
The blast of sand hits the iguana.
The iguana is moderately wounded.
The iguana barely misses you. The iguana bites you!
* * * LOW HITPOINT WARNING * * *
As you read the scroll of teleportation, it crumbles to dust.
You feel strangely unstable. The iguana bites you!
You die...

.# .#################
.................#########
######.##.######..@......#
#####...#.## #########.#
...........# #.# #####...#..#
#########.#
.....#.##..#####.........#
................@.......##
####.#.##.####..l..####.#
........#.# ##...## #.########
#######.#.#. ##.## #........##
#######.#.##.. #.# ##.###......
...........##.'#.#+ ##..#
#.##.##
............###...###...###.##.#
#######.........8)..........##.#
#.#...###..†###...##..##>#


You could see a neutral iguana (fast, strong, frenzied).

Vanquished Creatures
  Pikel (D:4)
  Edmund (D:4)
  An ogre (D:4)
  A lemure (D:4)
  A bullfrog (D:4)
  A kobold brigand (D:4)
  A hound (D:3)
  A jelly (D:3)
  An iguana (D:4)
  A sleepcap (D:4)
  3 adders
  A dart slug (D:4)
  A ribbon worm (D:2)
  5 orcs
  9 endoplasms
  3 giant cockroaches (D:1)
  8 hobgoblins
  8 jackals
  8 kobolds
  10 ball pythons
  4 bats
  2 frilled lizards (D:1)
  7 goblins
  A goblin skeleton (D:3)
  A goblin zombie (D:3)
  6 rats
87 creatures vanquished.

Vanquished Creatures (collateral kills)
  A dart slug (D:4)
  An orc (D:4)
  A kobold (D:4)
  A rat (D:3)
4 creatures vanquished.

Vanquished Creatures (others)
  A lemure (D:4)
1 creature vanquished.

Grand Total: 92 creatures vanquished

Notes
Turn   | Place    | Note
-------+----------+-------------------------------------------
     0 | D:1      | Arcadio the Deep Elf Earth Elementalist began the quest for
                  | the Orb.
     0 | D:1      | Reached XP level 1. HP: 10/10 MP: 6/6
   120 | D:1      | Reached XP level 2. HP: 12/15 MP: 1/8
   608 | D:1      | Reached XP level 3. HP: 14/19 MP: 0/10
  1138 | D:2      | Found a bloodstained altar of Trog.
  1690 | D:3      | Learned a level 3 spell: Stone Arrow
  1744 | D:3      | Noticed a human
  1747 | D:3      | Reached XP level 4. HP: 24/24 MP: 9/12
  1768 | D:3      | Found a runed translucent door.
  1770 | D:3      | Found a basalt altar of Yredelemnul.
  1953 | D:3      | Found an ancient bone altar of Kikubaaqudgha.
  1978 | D:3      | Reached XP level 5. HP: 28/28 MP: 8/13
  2363 | D:4      | Noticed an ogre
  2365 | D:4      | Killed an ogre
  2459 | D:4      | Noticed Edmund
  2662 | D:4      | Reached skill level 5 in Spellcasting
  2662 | D:4      | Reached XP level 6. HP: 14/32 MP: 11/15
  3068 | D:4      | Noticed Pikel
  3400 | D:4      | Killed Pikel
  3401 | D:4      | Reached skill level 5 in Dodging
  3401 | D:4      | Reached skill level 5 in Earth Magic
  3401 | D:4      | Reached XP level 7. HP: 36/36 MP: 5/18
  3503 | D:4      | Killed Edmund
  3938 | D:4      | Reached skill level 5 in Conjurations
  3946 | D:4      | Reached XP level 8. HP: 28/41 MP: 1/20
  3951 | D:4      | Slain by an iguana

Illustrated notes

Levels and vault maps discovered:
D:1:      roderic_chinese_lattice_arrival, layout_rooms, nicolae_titane
D:2:      layout_basic, basic_altar, chequers_decorated_corner
D:3:      layout_loops_ring, mainiacjoe_overflow_24_doors, dk_yredelemnul_ordeal
D:4:      cheibrodos_barr_body, layout_loops_ring, uniq_pikel, uniq_edmund

Skill      XL: |  1  2  3  4  5  6  7 |
---------------+----------------------+-----
Dodging        | 3 4 5 |  5.9
Conjurations   | 2 3 4 5 |  5.0
Spellcasting   | 4 5 6 |  6.7
Earth Magic    | 4 5 6 |  6.0
Stealth        | |  2.4

Action                     |  1- 3 |  4- 6 |  7- 9 || total
---------------------------+-------+-------+-------++-------
  Melee: Unarmed           |    12 |       |       ||    12
         Punch             |     1 |       |       ||     1
         Dagger            |    28 |     8 |     3 ||    39
   Cast: Sandblast         |    64 |    42 |     2 ||   108
         Stone Arrow       |       |     9 |    14 ||    23
    Use: Scroll            |       |     1 |     1 ||     2
 Armour: Robe              |    50 |     2 |       ||    52
         Leather armour    |       |    21 |     9 ||    30
  Dodge: Dodged            |    72 |    35 |    11 ||   118
